 Dungeon Crawl Stone Soup version 0.27-a0-1291-geefcff550b (webtiles) character file.

Game seed: 12569051256008880190

203 bilbop the Bolt Thrower (level 6, -17/38 HPs)
             Began as a Kobold Hunter on June 15, 2021.
             Demolished by an ogre (24 damage)
             ... while paralysed by Grinder
             ... on level 4 of the Dungeon.
             The game lasted 00:12:33 (3679 turns).

bilbop the Bolt Thrower (Kobold Hunter)             Turns: 3679, Time: 00:12:34

Health: -17/38     AC:  6    Str: 10    XL:     6   Next: 8%
Magic:  15/15      EV:  3    Int: 13    God:
Gold:   109        SH:  0    Dex: 16    Spells: 5/5 levels left

rFire    + . .     SeeInvis .   b - +0 dagger
rCold    . . .     Faith    .   (shield restricted)
rNeg     . . .     Spirit   .   i - +2 robe {rF+}
rPois    .         Reflect  .   (no helmet)
rElec    .         Harm     .   (no cloak)
rCorr    .         Rampage  .   h - +1 pair of gloves
Will     .....                  (no boots)
Stlth    +++.......             (no amulet)
HPRegen  0.12/turn              j - ring of magical power
MPRegen  0.14/turn              (no ring)

@: paralysed, studying Unarmed Combat
A: small, no large weapons, nightstalker 3
a: no special abilities


You were on level 4 of the Dungeon.
You visited 1 branch of the dungeon, and saw 4 of its levels.

You collected 109 gold pieces.

Inventory:

Hand Weapons
 a - a +1 hand crossbow
 b - a +0 dagger (weapon)
 o - a +0 short sword
Missiles
 d - 20 bolts
 m - 2 atropa-tipped darts
Armour
 c - a +0 leather armour
 h - a +1 pair of gloves (worn)
 i - a +2 robe of fire resistance (worn)
Jewellery
 j - a ring of magical power (left hand)
 n - a ring of poison resistance
Scrolls
 e - 10 scrolls of identify {unknown}
 f - a scroll of amnesia {unknown}
 p - a scroll of noise {unknown}
Potions
 g - 3 potions of curing {unknown}
 k - a potion of haste {unknown}
 l - a potion of degeneration {unknown}


   Skills:
 * Level 4.1 Fighting
 + Level 2.6 Short Blades
 + Level 5.6 Crossbows
 + Level 3.4 Dodging
 + Level 3.2 Stealth


You had 5 spell levels left.
You didn't know any spells.
Your spell library contained the following spells:

 Spells                   Type           Power      Damage    Failure   Level
 Beastly Appendage        Tmut           0%         N/A       30%         1
 Corona                   Hex            0%         N/A       30%         1
 Ensorcelled Hibernation  Hex/Ice        0%         N/A       43%         2
 Wereblood                Tmut           0%         N/A       43%         2
 Confusing Touch          Hex            0%         N/A       67%         3
 Dazzling Flash           Conj/Hex       0%         N/A       67%         3
 Spider Form              Tmut/Pois      0%         N/A       67%         3
 Tukima's Dance           Hex            0%         N/A       67%         3
 Ice Form                 Ice/Tmut       0%         N/A       97%         4


Dungeon Overview and Level Annotations

Branches:
Dungeon (4/15)
 Temple: D:4-7

Altars:
Wu Jian

Annotations:
D:4 Grinder


Innate Abilities, Weirdness & Mutations

You are small and have problems with some larger weapons.
You are completely attuned to the shadows.


Message History

You start resting.
You feel sick. x7
You are no longer poisoned.
You start resting.
You hear the brisk rusting of a very distant drain.
You start resting.
You hear the brisk rusting of a very distant drain.
You hear the quick rusting of a very distant drain.
HP restored.
d - 18 bolts (gained 3)
You see here a scorpion corpse.
d - 19 bolts (gained 1)
d - 20 bolts (gained 1)
d - 21 bolts (gained 1)
A ball python comes into view.
Found 9 stones.
You shoot a bolt. The bolt hits the ball python!
You kill the ball python!
Grinder comes into view.
Found 9 poisoned darts.
You see here a bolt.
b - a +0 dagger (weapon)
An ogre comes into view. It is wielding a +0 giant club.
Grinder shouts!
You hear an angry hiss.
The ogre shouts!
A hobgoblin comes into view.
Found a scroll labelled JERE XOEMM.
Grinder gestures at you.
You barely resist. Grinder gestures at you.
You suddenly lose the ability to move!
Grinder gestures at you. Pain shoots through your body!
The ogre hits you with a +0 giant club!!
Ouch! That really hurt!
* * * LOW HITPOINT WARNING * * *
An adder comes into view.
The hobgoblin hits you but does no damage.
Grinder blinks!
The ogre hits you with a +0 giant club!!
Ouch! That really hurt!
You die...

..............#..#
..............##.#
..............##.#
..............##.#
.................#.#
......<.............#
.....................##
...................#...#
......O@...........#.#.#
......g............#....
.....§..........†..#..#.
....S(.............#....
...................#.#..
?(.................#.#.)
.....(.............#.##)
####################.##.
#.............


You could see an ogre, an adder and a hobgoblin.

Vanquished Creatures
  A scorpion (D:4)
  Jessica (D:2)
  A gnoll (D:1)
  4 adders
  An adder skeleton (D:4)
  2 worms
  A dart slug (D:1)
  6 endoplasms
  2 giant cockroaches (D:2)
  4 goblins
  4 hobgoblins
  8 jackals
  2 kobolds (D:4)
  4 quokkas
  3 ball pythons
  9 bats
  2 frilled lizards
  3 rats
58 creatures vanquished.

Vanquished Creatures (others)
  11 plants
11 creatures vanquished.

Grand Total: 69 creatures vanquished

Notes
Turn   | Place    | Note
-------+----------+-------------------------------------------
     0 | D:1      | bilbop the Kobold Hunter began the quest for the Orb.
     0 | D:1      | Reached XP level 1. HP: 12/12 MP: 1/1
   245 | D:1      | Reached XP level 2. HP: 18/18 MP: 2/2
   346 | D:1      | Reached skill level 5 in Crossbows
   377 | D:1      | Upgraded the game from 0.27-a0-1287-gca74d27db6 to
                  | 0.27-a0-1291-geefcff550b
   447 | D:1      | Reached skill level 1 in Short Blades
   447 | D:1      | Reached XP level 3. HP: 22/22 MP: 3/3
   791 | D:2      | Reached XP level 4. HP: 28/28 MP: 4/4
   952 | D:2      | Noticed Jessica
   957 | D:2      | Killed Jessica
  1605 | D:2      | Reached XP level 5. HP: 30/32 MP: 5/5
  2403 | D:3      | Found an ornate altar of the Wu Jian Council.
  3515 | D:4      | Reached XP level 6. HP: 30/38 MP: 6/6
  3670 | D:4      | Noticed Grinder
  3672 | D:4      | Noticed an ogre
  3675 | D:4      | Paralysed by Grinder for 5 turns
  3679 | D:4      | Demolished by an ogre

Illustrated notes

Levels and vault maps discovered:
D:1:      onia_arrival_mini_maze_b, layout_rooms
D:2:      layout_basic, serial_forest, infiniplex_forest_clump_small,
          infiniplex_forest_clump_double, infiniplex_forest_clump_long,
          infiniplex_forest_straight_3, infiniplex_forest_clump_curved,
          infiniplex_forest_pool, infiniplex_forest_end_2,
          infiniplex_forest_clump_long, uniq_jessica
D:3:      layout_loops_ring, lemuel_round_altar, nrook_uturn,
          hangedman_decor_growths, serial_bayou_lagoon_b
D:4:      layout_basic, dk_xom_monty_hall, gup_sewer_entry_glass,
          eino_small_chamber_without_monster, minivault_24,
          nicolae_elemental_shop, uniq_grinder, uniq_ijyb, uniq_pikel,
          uniq_natasha

Skill      XL: |  1  2  3  4  5 |
---------------+----------------+-----
Crossbows      | 5 |  5.6
Short Blades   | 1 2 |  2.6
Stealth        | 2 3 |  3.2
Fighting       | 3 4 |  4.1
Dodging        | 3 |  3.4

Action                   |  1- 3 |  4- 6 || total
-------------------------+-------+-------++-------
Melee: Short sword       |    22 |       ||    22
       Dagger            |       |    26 ||    26
 Fire: Hand crossbow     |    40 |    93 ||   133
Armor: Leather armour    |    12 |     1 ||    13
       Robe              |       |    21 ||    21
Dodge: Dodged            |    49 |    58 ||   107

Table legend: (Time is in decaauts)
 A = Elapsed time spent in this place.
 B = Non-inter-level travel time spent in this place.
 C = Inter-level travel time spent in this place.
 D = Time resting spent in this place.
 E = Time spent auto-exploring this place.
 F = Levels seen in this place.
 G = Mean time per level.
                   A        B        C        D        E       F      G
               +--------+--------+--------+--------+--------+-----+--------+
         Total |   3746 |   3666 |     80 |    487 |   2776 |   4 |  936.5 |
       Dungeon |   3746 |   3666 |     80 |    487 |   2776 |   4 |  936.5 |
               +--------+--------+--------+--------+--------+-----+--------+

Top non-repeatable levels by time:
     D:2: 1604 daAuts
     D:3: 1021 daAuts
     D:1: 628 daAuts
     D:4: 491 daAuts
